 Dungeon Crawl Stone Soup version 0.23.2 (webtiles) character file.

Game seed: 3923234496750067179

579 Kairos the Skirmisher (level 7, 0/59 HPs)
             Began as a Formicid Abyssal Knight on Apr 9, 2019.
             Was a Believer of Lugonu.
             Slain by Crazy Yiuf
             ... wielding a +4 quarterstaff of chaos
              (12 damage)
             ... on level 3 of the Dungeon.
             The game lasted 00:05:42 (3166 turns).

Kairos the Skirmisher (Formicid Abyssal Knight)     Turns: 3166, Time: 00:05:43

Health: 0/59       AC:  9    Str: 19      XL:     7   Next: 63%
Magic:  11/11      EV: 12    Int:  9 (11) God:    Lugonu [**....]
Gold:   130        SH:  3    Dex: 10      Spells: 6/6 levels left

rFire    . . .     SeeInvis +   a - +1 spear
rCold    . . .     Gourm    .   m - +0 buckler
rNeg     . . .     Faith    .   g - +1 acid dragon scales
rPois    +         Spirit   .   (helmet unavailable)
rElec    .         Reflect  .   d - scarf {repulsion}
rCorr    +         Harm     .   f - +0 pair of gloves
MR       .....                  (no boots)
Stlth    ++........             r - amulet of the acrobat
HPRegen  0.19/turn              (no ring)
MPRegen  0.12/turn              (no ring)

@: very slightly contaminated, lightly drained, invisible (expiring), repel
missiles
A: permanent stasis, dig shafts and tunnels, four strong arms, antennae 3,
deterioration 1, poison resistance
a: Dig, Shaft Self, Depart the Abyss, Bend Space, Renounce Religion


You were on level 3 of the Dungeon.
You worshipped Lugonu.
Lugonu was pleased with you.
You were very hungry.

You visited 1 branch of the dungeon, and saw 3 of its levels.
You visited the Abyss 1 time.

You collected 130 gold pieces.

Inventory:

Hand Weapons
 a - a +1 spear (weapon)
 k - a +0 great mace
Armour
 d - a scarf of repulsion (worn)
 f - a +0 pair of gloves (worn)
 g - +1 acid dragon scales (worn)
 m - a +0 buckler (worn)
Jewellery
 r - an amulet of the acrobat (around neck)
Scrolls
 b - 4 scrolls of identify
 e - 3 scrolls of amnesia {unknown}
 h - 2 scrolls of remove curse
 n - a scroll of fog {unknown}
Potions
 i - 3 potions of heal wounds
 j - 2 potions of magic
 l - a potion of degeneration
 q - a potion of lignification
 s - 3 potions of might
Comestibles
 c - 10 rations


   Skills:
 + Level 6.6(6.3) Fighting
 + Level 5.7(5.3) Polearms
 + Level 5.7(5.4) Armour
 + Level 4.3(3.9) Dodging
 + Level 5.5(5.2) Stealth
 + Level 5.6(5.2) Invocations


You had 6 spell levels left.
You didn't know any spells.
Your spell library was empty.

Dungeon Overview and Level Annotations

Branches:
Dungeon (3/15)

Altars:
Gozag
Kikubaaqudgha
Yredelemnul

Annotations:
D:3 Crazy Yiuf


Innate Abilities, Weirdness & Mutations

You cannot be hasted, slowed, berserked, paralysed or teleported.
You can dig through walls and to a lower floor.
Your four strong arms can wield two-handed weapons with a shield.
You have a pair of large antennae on your head. (SInv)
Your body sometimes deteriorates upon taking damage.
Your system is resistant to poisons. (rPois)


Message History

Crazy Yiuf is heavily wounded.
Crazy Yiuf closely misses you.
You closely miss Crazy Yiuf.
Crazy Yiuf is heavily wounded.
You flicker for a moment.
You hit Crazy Yiuf.
Crazy Yiuf is severely wounded.
Crazy Yiuf misses you.
Your shield and acid dragon scales prevent you from hitting Crazy Yiuf.
Crazy Yiuf is severely wounded.
You hit Crazy Yiuf but do no damage.
Crazy Yiuf is severely wounded.
Crazy Yiuf hits you with a +4 quarterstaff of chaos!
Your body deteriorates!
You feel dopey.
You are electrocuted!
* * * LOW HITPOINT WARNING * * *
You closely miss Crazy Yiuf.
Crazy Yiuf is severely wounded.
Crazy Yiuf hits you with a +4 quarterstaff of chaos!
You die...

8.# #....# .## #....# ##
####### #.#..# .#####.....#
##...# .#.....###.# ##.##
#### .#.#.......# ##.# #..#
# .....#.##..# #.## #..#
###### †..###.##..# ##.#
#..## #..... †..###.##..#
#@## #...###.###.
...........# #g# #.......#
#. .#####.....# ...
#...##..###' .# #.##.##
#...# #..####...'_ .#
#.##.## #)..# #..# #.#### +#
#.##..# ##### #..# #.# ## {
#.##### #### #.#### {{ #.#
###################..... {{
#.###..#..##..........####..


You could see Crazy Yiuf.

Vanquished Creatures
  Grinder (D:3)
  Sigmund (D:2)
  A jelly (D:2)
  Natasha (thrice) (D:2)
  3 adders
  A worm (D:3)
  2 dart slugs (D:1)
  3 leopard geckos
  4 ball pythons
  4 bats
  2 giant cockroaches
  6 goblins
  5 hobgoblins
  4 jackals (D:2)
  5 kobolds
  2 frilled lizards (D:1)
  5 rats
52 creatures vanquished.

Vanquished Creatures (others)
  2 starspawn tentacles (Abyss:3)
2 creatures vanquished.

Grand Total: 54 creatures vanquished

Notes
Turn   | Place    | Note
-------+----------+-------------------------------------------
     0 | Abyss:1  | Kairos the Formicid Abyssal Knight began the quest for the
                  | Orb.
     0 | Abyss:1  | Reached XP level 1. HP: 18/18 MP: 2/2
   105 | Abyss:2  | Noticed a tentacled starspawn
   114 | Abyss:2  | Noticed a small abomination
   125 | Abyss:2  | Noticed a small abomination
   128 | Abyss:2  | Noticed an iron imp
   144 | Abyss:2  | Noticed a mana viper
   148 | Abyss:3  | Found a corrupted altar of Lugonu.
   159 | Abyss:3  | Noticed a neqoxec
   160 | Abyss:3  | Noticed a starcursed mass
   160 | Abyss:3  | Noticed a tentacled starspawn
   165 | D:1      | Escaped the Abyss
   678 | D:1      | Reached XP level 2. HP: 25/25 MP: 3/3
   899 | D:1      | Reached skill level 4 in Fighting
   970 | D:1      | Reached * piety under Lugonu
   991 | D:1      | Reached XP level 3. HP: 29/30 MP: 4/4
  1340 | D:1      | Reached skill level 6 in Fighting
  1340 | D:1      | Reached skill level 5 in Armour
  1340 | D:1      | Reached skill level 5 in Stealth
  1340 | D:1      | Reached skill level 5 in Invocations
  1340 | D:1      | Reached XP level 4. HP: 40/40 MP: 4/8
  1580 | D:2      | Noticed Natasha
  1588 | D:2      | Killed Natasha
  1681 | D:2      | Noticed Sigmund
  1699 | D:2      | Reached XP level 5. HP: 43/46 MP: 9/9
  1749 | D:2      | Killed Sigmund
  1749 | D:2      | Reached skill level 5 in Polearms
  1749 | D:2      | Reached XP level 6. HP: 46/53 MP: 10/10
  1764 | D:2      | Noticed Natasha
  1808 | D:2      | Killed Natasha
  1829 | D:2      | Found an ancient bone altar of Kikubaaqudgha.
  2069 | D:2      | Noticed Natasha
  2088 | D:2      | Killed Natasha
  2122 | D:2      | Gained mutation: Your body sometimes deteriorates upon
                  | taking damage. [potion of mutation]
  2122 | D:2      | Gained mutation: Your system is resistant to poisons.
                  | (rPois) [potion of mutation]
  2228 | D:3      | Reached XP level 7. HP: 59/59 MP: 11/11
  2235 | D:3      | Found an opulent altar of Gozag.
  2382 | D:3      | Found a basalt altar of Yredelemnul.
  2403 | D:3      | Reached ** piety under Lugonu
  2468 | D:3      | Noticed Grinder
  2484 | D:3      | Killed Grinder
  3143 | D:3      | Found a runed translucent door.
  3144 | D:3      | Noticed Crazy Yiuf
  3166 | D:3      | Slain by Crazy Yiuf

Skill      XL: |  1  2  3  4  5 |
---------------+----------------+-----
Fighting       | 4 6 |  6.6
Polearms       | 4 5 |  5.7
Armour         | 5 |  5.7
Dodging        | 4 |  4.3
Stealth        | 5 |  5.5
Invocations    | 5 |  5.6

Action                   |  1- 3 |  4- 6 |  7- 9 || total
-------------------------+-------+-------+-------++-------
Melee: Spear             |    46 |   148 |    64 ||   258
Invok: Depart the Abyss  |     1 |       |       ||     1
 Abil: Dig               |     2 |       |       ||     2
  Use: Scroll            |     4 |     9 |       ||    13
       Potion            |     3 |     1 |       ||     4
 Stab: Sleeping          |       |     5 |     2 ||     7
       Invisible         |       |       |     1 ||     1
  Eat: Chunk             |     1 |     3 |     2 ||     6
Armor: Acid dragon scale |     8 |    23 |     6 ||    37
Dodge: Dodged            |    15 |   105 |    25 ||   145
       Deflected         |       |     1 |       ||     1
